 Dungeon Crawl Stone Soup version 0.29.1-13-g9f3cf754e1 (webtiles) character file.

Game seed: 1010415672870781051

75 cheesebisquit the Chiller (level 4, 33/33 HPs)
             Began as a Ghoul Ice Elementalist on Jan 27, 2023.
             Quit the game in the Ecumenical Temple.
             The game lasted 00:07:10 (2451 turns).

cheesebisquit the Chiller (Ghoul Ice Elementalist)  Turns: 2451, Time: 00:07:10

Health: 33/33      AC:  3    Str: 11    XL:     4   Next: 31%
Magic:  6/6        EV: 12    Int: 12    God:
Gold:   153        SH:  0    Dex:  9    Spells: 7/8 levels left

rFire   . . .      SeeInvis .     - Unarmed
rCold   + . .      Faith    .   (no shield)
rNeg    + + +      Spirit   .   a - +0 robe
rPois   ∞          Reflect  .   (no helmet)
rElec   .          Harm     .   o - +0 cloak
rCorr   .          Rampage  .   (no gloves)
Will    +....                   (no boots)
Stlth   ++........              (no amulet)
HPRegen 0.11/turn               i - ring of willpower
MPRegen 0.10/turn               (no ring)

@: no status effects
A: claws 1, cold resistance 1, negative energy resistance 3, inhibited
regeneration, torment resistance 2, devour on kill
a: no special abilities


You were in the Ecumenical Temple.
You visited 2 branches of the dungeon, and saw 4 of its levels.

You collected 153 gold pieces.

Inventory:

Missiles
 d - 7 poisoned darts
Armour
 a - a +0 robe (worn)
 o - a +0 cloak (worn)
Jewellery
 i - a ring of willpower (left claw)
 k - an amulet of faith
Scrolls
 c - a scroll of vulnerability {unknown}
 e - 2 scrolls of enchant armour {unknown}
 m - a scroll of fear {unknown}
Potions
 b - a potion of magic
 f - a potion of invisibility {unknown}
 g - a potion of lignification {unknown}
 h - 2 potions of curing {unknown}
 j - 3 potions of flight {unknown}
 l - a potion of degeneration {unknown}
 n - a potion of mutation {unknown}


   Skills:
 - Level 1.7 Dodging
 - Level 2.1 Stealth
 + Level 2.2 Unarmed Combat
 + Level 2.5 Spellcasting
 + Level 5.0 Ice Magic


You had 7 spell levels left.
You knew the following spells:

 Your Spells              Type           Power      Damage    Failure   Level
a - Freeze                Ice            52%        1d7       3%          1

Your spell library contained the following spells:

 Spells                   Type           Power      Damage    Failure   Level
 Frozen Ramparts          Ice            26%        1d4       10%         3
 Ozocubu's Armour         Ice            13%        N/A       10%         3
 Apportation              Tloc           2%         N/A       26%         1
 Necrotise                Necr           4%         1d4       26%         1
 Summon Small Mammal      Summ           4%         N/A       26%         1
 Hailstorm                Conj/Ice       7%         3d4       65%         4


Dungeon Overview and Level Annotations

Branches:
Dungeon (4/15)             Temple (1/1) D:4

Altars:
Dithmenos
Fedhas
Gozag
Kikubaaqudgha
Makhleb
Ru
Uskayaw
Vehumet
Xom
Yredelemnul


Innate Abilities, Weirdness & Mutations

You are immune to poison.
You have sharp fingernails.
Your flesh is cold resistant. (rC+)
You are immune to negative energy. (rN+++)
You do not regenerate when monsters are visible.
You are immune to unholy pain and torment.
You thrive by killing the living.


Message History

You are frozen.
You resist.
You freeze the endoplasm.
You kill the endoplasm!
You feel better.
You pick up a book of Cantrips and begin reading...
You add the spells Necrotise, Summon Small Mammal and Apportation to your library.
e - 2 scrolls labelled IDITSU HOSTOP (gained 1)
You now have 153 gold pieces (gained 11).
You see here a staff of cold.
You see here a frilled lizard corpse.
A sourceless malevolence fills the Dungeon...
You fall into a shaft and drop 2 floors!
The shaft crumbles and collapses.
You open the door.
Found 14 gold pieces.
Found a staircase to the Ecumenical Temple.
There is an open door here.
There is a staircase to the Ecumenical Temple here.
You climb downwards.
Welcome to the Ecumenical Temple!
Found six altars.
There is a staircase back to the Dungeon here.
Found three altars.
There is a shimmering altar of Xom here.
There is a hide-covered altar of Uskayaw here.
There is a glowing golden altar of the Shining One here.
Found a glowing silver altar of Zin.
Found a sacrificial altar of Ru.
There is a shadowy altar of Dithmenos here.
There is a glowing silver altar of Zin here.
Found an ancient bone altar of Kikubaaqudgha.
There is a sacrificial altar of Ru here.
There is a radiant altar of Vehumet here.
There is a burning altar of Makhleb here.
There is a shimmering altar of Xom here.
There is a burning altar of Makhleb here.
There is a radiant altar of Vehumet here.
There is a sacrificial altar of Ru here.
Search for what [? for help]?
Okay, then.
Are you sure you want to abandon this character and quit the game? (Confirm with "yes".)

..._......._......#
..................#
......._......._..#
..................#
..._......._......#
#.................#
..._......._..#
#.............#
##.....@......#
####.........#
##........#
####.....# ##...##
#####


There were no monsters in sight!

Vanquished Creatures
  2 adders (D:2)
  A worm (D:2)
  2 dart slugs
  3 ball pythons
  4 endoplasms
  2 giant cockroaches
  2 goblins (D:1)
  8 hobgoblins
  2 jackals (D:1)
  4 kobolds
  2 quokkas (D:1)
  9 bats
  2 frilled lizards
  4 rats
47 creatures vanquished.

Notes
Turn   | Place    | Note
-------+----------+-------------------------------------------
     0 | D:1      | cheesebisquit the Ghoul Ice Elementalist began the quest
                  | for the Orb.
     0 | D:1      | Reached XP level 1. HP: 14/14 MP: 2/2
   455 | D:1      | Reached XP level 2. HP: 20/20 MP: 1/3
   460 | D:1      | Reached skill level 1 in Unarmed Combat
   748 | D:1      | Found a faded altar of an unknown god.
   864 | D:1      | Reached XP level 3. HP: 26/26 MP: 1/5
  1974 | D:2      | Reached skill level 5 in Ice Magic
  2038 | D:2      | Reached XP level 4. HP: 33/33 MP: 4/6
  2390 | D:2      | You fall into a shaft and drop 2 floors!
  2394 | D:4      | Found a staircase to the Ecumenical Temple.
  2400 | Temple   | Entered the Ecumenical Temple
  2451 | Temple   | Quit the game

Illustrated notes

Levels and vault maps discovered:
D:1:      lightli_arrival_farm, layout_loops_ring, basic_ecumenical_altar
D:2:      layout_loops_ring, minmay_heptomino_l4
D:4:      layout_basic, temple_green, uniq_blork_the_orc
Temple:   nicolae_temple_ecumenical_triangle

Skill      XL: |  1  2  3 |
---------------+----------+-----
Unarmed Combat | 1 2 |  2.2
Spellcasting   | 2 |  2.5
Ice Magic      | 5 |  5.0
Dodging        | |  1.7
Stealth        | |  2.1

Action                   |  1- 3 |  4- 6 || total
-------------------------+-------+-------++-------
Melee: Unarmed           |    29 |     2 ||    31
 Cast: Freeze            |    64 |    12 ||    76
Armor: Robe              |    16 |     1 ||    17
Dodge: Dodged            |    56 |     3 ||    59
